 Dungeon Crawl Stone Soup version 0.22-a0-803-gd6d8abe (webtiles) character file.

33 Amnesiac the Digger (level 3, -3/24 HPs)
             Began as a Mummy Earth Elementalist on July 22, 2018.
             Killed from afar by an orc wizard (16 damage)
             ... with a puff of flame
             ... on level 1 of the Dungeon.
             The game lasted 00:01:05 (532 turns).

Amnesiac the Digger (Mummy Earth Elementalist)       Turns: 532, Time: 00:01:06

Health: -3/24      AC:  2    Str: 11    XL:     3   Next: 12%
Magic:  7/7        EV: 12    Int: 15    God:
Gold:   39         SH:  0    Dex: 12    Spells: 2/8 levels left

rFire    x . .     SeeInvis .   e - +2 dagger (venom)
rCold    + . .     Gourm    .   (no shield)
rNeg     + + +     Faith    .   c - +0 robe
rPois    ∞         Spirit   .   (no helmet)
rElec    .         Reflect  .   (no cloak)
rCorr    .         Harm     .   (no gloves)
MR       .....                  (no boots)
Stlth    ++........             (no amulet)
HPRegen  0.08/turn              (no ring)
MPRegen  0.10/turn              (no ring)

@: no status effects
A: no food or potions, fire vulnerability, cold resistance 1, negative energy
resistance 3, torment resistance, unbreathing
a: no special abilities


You were on level 1 of the Dungeon.
You were not hungry.

You visited 1 branch of the dungeon, and saw 3 of its levels.

You collected 39 gold pieces.

Inventory:

Hand Weapons
 e - a +2 dagger of venom (weapon)
Missiles
 b - 24 stones (quivered)
Armour
 c - a +0 robe (worn)
Scrolls
 a - 2 scrolls of identify {!r, unknown}


   Skills:
 - Level 1.5 Dodging
 - Level 1.5 Stealth
 + Level 3.2 Spellcasting
 - Level 0.7 Transmutations
 * Level 3.2 Earth Magic


You had 2 spell levels left.
You knew the following spells:

 Your Spells              Type           Power        Failure   Level  Hunger
a - Sandblast             Erth           ##....       4%          1    N/A
b - Passwall              Tmut/Erth      #.......     13%         2    N/A
c - Stone Arrow           Conj/Erth      #.....       30%         3    N/A

Your spell library contained the following spells:

 Spells                   Type           Power        Failure   Level  Hunger
 Lee's Rapid Deconstruct  Erth           ##........   80%         5    N/A
 Petrify                  Tmut/Erth      #.......     65%         4    N/A

Dungeon Overview and Level Annotations

Branches:
Dungeon (3/15)

Altars:


Innate Abilities, Weirdness & Mutations

You do not eat or drink.
Your flesh is vulnerable to fire.
You are immune to poison.
Your flesh is cold resistant. (rC+)
You are immune to negative energy. (rN+++)
You are immune to unholy pain and torment.
You can survive without breathing.


Message History

You kill the goblin!
No target in view!
No target in view!
You see here a goblin corpse.
You now have 39 gold pieces (gained 13).
A dart slug comes into view.
A dart slug is nearby!
A dart slug is nearby!
Found a stone staircase leading up.
The dart slug launches a dart at you. The slug dart misses you.
Found an escape hatch in the floor.
The dart slug barely misses you.
You hit the dart slug.
The dart slug is poisoned.
The dart slug is lightly wounded.
You hit the dart slug.
The dart slug is heavily wounded.
The dart slug bites you.
You completely miss the dart slug.
The dart slug is severely wounded.
The dart slug misses you.
You completely miss the dart slug.
The dart slug is almost dead.
You kill the dart slug!
No target in view!
An orc comes into view. It is wielding a flail.
You see here a dart slug corpse.
A rat and an orc wizard come into view.
Found 5 curare-tipped needles.
There is a stone staircase leading up here.
A goblin and an orc priest come into view.
The orc priest shouts!
The orc wizard shouts!
The orc shouts!
The orc wizard points at you and mumbles some strange words.
The magic dart hits you!
The goblin shouts!
There is a stone staircase leading up here.
The orc wizard gestures at you while chanting.
You resist with some effort.
You climb upwards.
A frilled lizard comes into view.
Found a whip and a pair of boots.
There is a stone staircase leading down here.
You hit the orc wizard.
The orc wizard is poisoned.
The orc wizard is moderately wounded.
The frilled lizard hisses angrily.
The orc wizard hits you with a dagger.
You barely miss the orc wizard.
The orc wizard is moderately wounded.
The orc wizard hits you with a dagger.
You hit the orc wizard.
The orc wizard is moderately wounded.
The bat hits you but does no damage. The orc wizard closely misses you.
You hit the orc wizard but do no damage.
The orc wizard looks as sick as possible!
The orc wizard is moderately wounded.
The bat completely misses you. The orc wizard hits you with a dagger.
You hit the orc wizard.
The orc wizard looks as sick as possible!
The orc wizard is heavily wounded.
The bat completely misses you. The bat barely misses you.
The orc wizard gestures at you while chanting.
The puff of flame hits you! The fire burns you terribly!
Ouch! That really hurt!
You die...

.... .....##..###
..... ....#.....#
... ...#...#.##
#.. . .........#
#.# .......# #.#
......##..####>###
#.o.# #.....)....
#@b.# #.####..###
##l.# #.## )....
#.#### ..#....
...... ... [..
##..... ...# ##
#....# .... ......
##.## ##.##. #.#
##


You could see an orc wizard, a bat and a frilled lizard.

Vanquished Creatures
  2 adders (D:2)
  A dart slug (D:2)
  A ball python (D:1)
  2 bats (D:1)
  2 goblins
  2 hobgoblins
  2 frilled lizards (D:2)
  A kobold (D:1)
  A rat (D:1)
14 creatures vanquished.

Notes
Turn   | Place    | Note
-------+----------+-------------------------------------------
     0 | D:1      | Amnesiac the Mummy Earth Elementalist began the quest for the Orb.
     0 | D:1      | Reached XP level 1. HP: 13/13 MP: 4/4
   391 | D:2      | Reached XP level 2. HP: 19/19 MP: 2/5
   403 | D:2      | Learned a level 2 spell: Passwall
   404 | D:3      | Noticed a phantom
   418 | D:2      | Reached XP level 3. HP: 16/24 MP: 0/7
   423 | D:2      | Learned a level 3 spell: Stone Arrow
   532 | D:1      | Killed from afar by an orc wizard

Vault maps used:
D:1:      mrwooster_arrival_statue_2, minmay_ruptured
D:2:      serial_curves, eino_curves_03, eino_curves_02, minmay_misc_feat_cross
D:3:      lightli_temple_of_fire, first_ration, minmay_close_crescents,
          uniq_robin

Skill      XL: |  1  2 |
---------------+-------+-----
Spellcasting   | 3 |  3.2
Earth Magic    | 3 |  3.2
Dodging        | |  1.5
Stealth        | |  1.5
Transmutations | |  0.7

Action                   || total
-------------------------++-------
Melee: Club              ||    19
       Unarmed           ||     8
       Dagger            ||    14
 Cast: Sandblast         ||    10
Armor: Robe              ||    29
Dodge: Dodged            ||    49

Table legend:
 A = Spawn XP
 B = Non-spawn XP
 C = Spawn XP percentage of total XP
 D = Spawn monster count
 E = Non-spawn monster count
 F = Spawn count percentage of total count
 G = Total turns spent on level
                    A         B        C        D         E        F      G
               +---------+---------+-------+---------+---------+-------+---------
         Total |       0 |      48 |   0.0 |       0 |      14 |   0.0 |   532
               +---------+---------+-------+---------+---------+-------+---------
           D:1 |       0 |      11 |   0.0 |       0 |       7 |   0.0 |   350
           D:2 |       0 |      37 |   0.0 |       0 |       7 |   0.0 |   178
               +---------+---------+-------+---------+---------+-------+---------
